 Dungeon Crawl Stone Soup version 0.31-a0-219-g8d62b2e7bb (webtiles) character file.

Game seed: 17635540493700846561

429 qw the Chopper (level 6, -2/38 HPs)
             Began as a Gargoyle Fighter on July 3, 2023.
             Was a Follower of Okawaru.
             Killed by divine providence
             ... invoked by an orc priest
              (13 damage)
             ... on level 5 of the Dungeon.
             The game lasted 00:01:25 (3254 turns).

qw the Chopper (Gargoyle Fighter)                   Turns: 3254, Time: 00:01:25

Health: -2/38      AC: 15    Str: 21    XL:     6   Next: 98%
Magic:  5/7        EV: 14    Int:  9    God:    Okawaru [*.....]
Gold:   241        SH:  5    Dex:  9    Spells: 5/5 levels left

rFire   . . .        Y - +1 war axe (drain)
rCold   . . .        c - +0 buckler
rNeg    + . .        k - +0 chain mail
rPois   inf          (no helmet)
rElec   +            (no cloak)
rCorr   .            (no gloves)
SInv    .            (no boots)
Will    .....        (no amulet) Stlth
                     o - +5 ring of evasion
HPRegen 0.26/turn    (no ring)
MPRegen 0.10/turn

%: no passive effects
@: heroic
A: sickness immunity, AC +4, negative energy resistance 1, electricity
resistance, torment resistance 1, petrification resistance
a: Renounce Religion, Heroism


You were on level 5 of the Dungeon.
You worshipped Okawaru.
Okawaru was aware of your devotion.
You visited 1 branch of the dungeon, and saw 5 of its levels.

You collected 241 gold pieces.


Innate Abilities, Weirdness & Mutations

You are immune to sickness and miasma.
Your stone body is resilient. (AC +4)
You are immune to poison.
You resist negative energy. (rN+)
You are resistant to electric shocks. (rElec)
You are resistant to unholy torment.
You are immune to petrification.


   Skills:
 - Level 4.0(9.0) Fighting
 - Level 6.0(11.0) Axes
 + Level 0.1(5.1) Throwing
 - Level 3.2(8.2) Armour
 - Level 3.2(8.2) Shields
 + Level 1.8 Invocations


You had 5 spell levels left.
You didn't know any spells.
Your spell library was empty.

Inventory:

Hand Weapons
 j - a +0 hand axe
 n - a +0 morningstar
 Y - a +1 war axe of draining (weapon)
Missiles
 l - 3 javelins (quivered)
Armour
 c - a +0 buckler (worn)
 k - a +0 chain mail (worn)
Jewellery
 o - a +5 ring of evasion (left hand)
Scrolls
 i - a scroll of identify
Potions
 b - a potion of attraction
 d - a potion of might
 e - a potion of invisibility {unknown}
 f - a potion of resistance {unknown}
 g - a potion of curing
 h - a potion of mutation {unknown}
 m - a potion of degeneration {unknown}

Dungeon Overview and Level Annotations

Branches:
Dungeon (5/15)
 Temple: D:4-7

Altars:
Okawaru

Shops:
D:1 ?


Message History

You throw a javelin. The javelin pierces through the worm!
The worm is heavily wounded.
An orc comes into view. It is wielding a +0 club.
You throw a javelin. The javelin pierces through the worm.
The worm is heavily wounded.
You throw a javelin. The javelin pierces through the worm.
The worm is severely wounded.
You slash the worm!
You kill the worm!
Okawaru accepts your kill.
You throw a javelin. The javelin pierces through the orc!
You kill the orc!
Okawaru accepts your kill.
An orc priest comes into view. It is wielding a +0 short sword.
3247 ||| INVOKING Heroism.
You gain the combat prowess of a mighty hero.
The orc priest shouts!
You hear a shout!
You closely miss the orc. You block the orc's attack.
You slash the orc!
You kill the orc!
Okawaru accepts your kill.
An orc priest comes into view. It is wielding a +0 mace.
A worm comes into view.
The orc priest mumbles some strange prayers to Beogh against you.
Beogh smites you!
The orc priest hits you but does no damage.
You closely miss the orc priest.
An ufetubus comes into view.
The orc priest calls down the wrath of Beogh upon you.
Beogh smites you! The orc priest closely misses you.
The ufetubus shouts!
You slash the orc priest!
The orc priest is severely wounded.
You hit the orc priest.
You kill the orc priest!
Okawaru accepts your kill.
The orc priest invokes the aid of Beogh against you.
Beogh smites you!
You die...

##.......#
........# #
#.......
..##......
#........#
#...%.##
#..<).#
#.....##
#..@.)o#
#...).(.5..
.........#...
...##......w...
.. #.....##...
. #####.# .##
.. . #.#


You could see a worm, an orc priest and an ufetubus.

Vanquished Creatures
  An ogre (D:4)
  A scorpion (D:4)
  2 orc priests
  2 hounds (D:4)
  Jessica (D:2)
  4 gnolls (D:4)
  5 adders
  3 worms
  2 dart slugs (D:1)
  6 orcs
  9 ball pythons
  5 bats
  7 endoplasms
  5 giant cockroaches
  3 goblins
  6 hobgoblins
  9 kobolds
  A quokka (D:1)
  3 frilled lizards
  5 rats
80 creatures vanquished.

Notes
Turn   | Place    | Note
-------+----------+-------------------------------------------
     0 | D:1      | qw the Gargoyle Fighter began the quest for the Orb.
     0 | D:1      | Reached XP level 1. HP: 14/14 MP: 1/1
     0 | D:1      | 0 ||| qw: Version: 0.3-a-40-ge99b1a8
     0 | D:1      | 0 ||| qw: Game counter: 388
     0 | D:1      | 0 ||| qw: Melee chars always use a shield: true
     0 | D:1      | 0 ||| qw: God list: Okawaru
     0 | D:1      | 0 ||| qw: Allow faded altars: false
     0 | D:1      | 0 ||| qw: Do Orc after clearing Dungeon:15 true
     0 | D:1      | 0 ||| qw: Do second Lair branch before Depths: true
     0 | D:1      | 0 ||| qw: Lair rune preference: random
     0 | D:1      | 0 ||| qw: Goals: Normal, Zot:1-4, Slime:5, God:TSO, Crypt,
                  | Tomb, Abyss, Pan, Hells, Win
     0 | D:1      | 0 ||| PLANNING D:1-11
    38 | D:1      | Reached skill level 2 in Axes
    83 | D:1      | Reached XP level 2. HP: 14/19 MP: 2/2
   165 | D:1      | Found Gikoeshre's Magic Scroll Shoppe.
   170 | D:1      | 170 ||| SHOPLISTING scroll of acquirement (676 gold, have
                  | 6).
   170 | D:1      | 170 ||| SHOPLISTING scroll of enchant armour (97 gold, have
                  | 6).
   170 | D:1      | 170 ||| SHOPLISTING scroll of teleportation (39 gold, have
                  | 6).
   383 | D:1      | Found a faded altar of an unknown god.
   688 | D:1      | Reached skill level 3 in Axes
   803 | D:1      | Reached XP level 3. HP: 23/23 MP: 3/3
   837 | D:1      | 837 ||| READING scroll labelled KONA WAOPHOIRCHAKO.
   838 | D:1      | 838 ||| READING scroll labelled OXEDUY URINEPAUG.
  1032 | D:2      | Found an iron altar of Okawaru.
  1033 | D:2      | 1033 ||| PLANNING OKAWARU WORSHIP
  1033 | D:2      | 1033 ||| READING scroll labelled GAUTOO FOPIC.
  1040 | D:2      | Became a worshipper of Warmaster Okawaru
  1041 | D:2      | 1041 ||| PLANNING D:1-11
  1169 | D:2      | Noticed Jessica
  1170 | D:2      | 1170 ||| Stepping ~*~*~tactically~*~*~ (hiding).
  1171 | D:2      | 1171 ||| Stepping ~*~*~tactically~*~*~ (stealth).
  1174 | D:2      | Killed Jessica
  1175 | D:2      | Reached skill level 4 in Axes
  1175 | D:2      | Reached XP level 4. HP: 28/28 MP: 4/4
  1182 | D:2      | 1182 ||| Stepping ~*~*~tactically~*~*~ (stealth).
  1577 | D:2      | 1577 ||| DROPPING +0 club.
  1639 | D:3      | 1639 ||| Stepping ~*~*~tactically~*~*~ (stealth).
  1642 | D:3      | 1642 ||| Stepping ~*~*~tactically~*~*~ (stealth).
  1918 | D:3      | 1918 ||| FLEEEEING.
  1919 | D:3      | 1919 ||| FLEEEEING.
  1920 | D:3      | 1920 ||| FLEEEEING.
  1975 | D:3      | 1975 ||| Stepping ~*~*~tactically~*~*~ (hiding).
  2063 | D:3      | 2063 ||| Stepping ~*~*~tactically~*~*~ (stealth).
  2138 | D:3      | 2138 ||| Stepping ~*~*~tactically~*~*~ (stealth).
  2139 | D:3      | 2139 ||| Stepping ~*~*~tactically~*~*~ (stealth).
  2142 | D:3      | 2142 ||| Stepping ~*~*~tactically~*~*~ (hiding).
  2200 | D:3      | Reached XP level 5. HP: 32/32 MP: 5/5
  2455 | D:3      | 2455 ||| UPGRADING to +0 chain mail.
  2465 | D:3      | 2465 ||| DROPPING +0 scale mail.
  2466 | D:3      | 2466 ||| UPGRADING to +5 ring of evasion.
  2467 | D:3      | 2467 ||| READING 2 scrolls labelled BUXIECWUOX.
  2468 | D:3      | 2468 ||| READING scroll labelled ODUEVE DA YRGH.
  2469 | D:3      | 2469 ||| READING scroll labelled SIRCHO NOSE.
  2551 | D:4      | Reached skill level 5 in Axes
  2577 | D:4      | 2577 ||| Stepping ~*~*~tactically~*~*~ (hiding).
  2690 | D:4      | 2690 ||| Stepping ~*~*~tactically~*~*~ (hiding).
  2704 | D:4      | Reached XP level 6. HP: 36/38 MP: 6/6
  2711 | D:4      | 2711 ||| DROPPING +0 mace.
  2732 | D:4      | Reached * piety under Okawaru
  2792 | D:4      | 2792 ||| INVOKING Heroism.
  2799 | D:4      | Reached skill level 1 in Invocations
  2802 | D:4      | 2802 ||| FLEEEEING.
  2803 | D:4      | 2803 ||| FLEEEEING.
  2804 | D:4      | 2804 ||| FLEEEEING.
  2805 | D:4      | 2805 ||| FLEEEEING.
  2806 | D:4      | 2806 ||| FLEEEEING.
  2807 | D:4      | 2807 ||| FLEEEEING.
  2813 | D:4      | 2813 ||| STAIRDANCE
  2830 | D:4      | 2830 ||| DROPPING +0 flail.
  2902 | D:4      | 2902 ||| Stepping ~*~*~tactically~*~*~ (stealth).
  2913 | D:4      | Reached skill level 6 in Axes
  3212 | D:4      | 3212 ||| DRINKING 2 blue potions.
  3213 | D:4      | 3213 ||| READING 3 scrolls of identify.
  3213 | D:4      | 3213 ||| IDENTIFYING metallic red potion
  3214 | D:4      | 3214 ||| READING 2 scrolls of identify.
  3214 | D:4      | 3214 ||| IDENTIFYING coppery potion
  3215 | D:4      | 3215 ||| DROPPING potion of ambrosia.
  3241 | D:5      | Entered Level 5 of the Dungeon
  3247 | D:5      | 3247 ||| INVOKING Heroism.
  3254 | D:5      | Killed from afar by an orc priest

Levels and vault maps discovered:
D:1:      dpeg_arrival_arbitrary_c, layout_basic,
          hellmonk_ecumenical_altar_inner_sanctum, serial_shops,
          nicolae_shop_rolling_square
D:2:      layout_loops_cross, basic_altar, uniq_jessica
D:3:      layout_basic
D:4:      layout_loops_ring
D:5:      layout_rooms, serial_demonic, serial_demonic_a, serial_demonic_g,
          serial_demonic_g, serial_demonic_b

Skill      XL: |  1  2  3  4  5  6 |
---------------+-------------------+-----
Axes           | 2 3 4 5 6 |  6.0
Fighting       | 4 |  4.0
Invocations    | 1 |  1.8
Throwing       | |  0.1
Armour         | |  3.2
Shields        | |  3.2

Action                     |  1- 3 |  4- 6 || total
---------------------------+-------+-------++-------
  Melee: War axe           |    77 |   141 ||   218
  Throw: Javelin           |       |     4 ||     4
 Invoke: Heroism           |       |     2 ||     2
    Use: Scroll            |     3 |     5 ||     8
         Potion            |       |     1 ||     1
 Armour: Scale mail        |    48 |    30 ||    78
         Chain mail        |       |    16 ||    16
  Dodge: Dodged            |    31 |    64 ||    95
  Block: Buckler           |     9 |    25 ||    34

Table legend:
 A = Non-vault XP
 B = Vault XP
 C = Vault XP percentage of total XP
 D = Non-vault monster count
 E = Vault monster count
 F = Vault count percentage of total count
                 A         B        C        D         E       F
            +---------+---------+-------+---------+---------+-------
      Total |     617 |      37 |   5.7 |      79 |       1 |   1.2
            +---------+---------+-------+---------+---------+-------
        D:1 |      38 |       0 |   0.0 |      20 |       0 |   0.0
        D:2 |      59 |      37 |  38.5 |      20 |       1 |   4.8
        D:3 |      41 |       0 |   0.0 |      15 |       0 |   0.0
        D:4 |     427 |       0 |   0.0 |      20 |       0 |   0.0
        D:5 |      52 |       0 |   0.0 |       4 |       0 |   0.0
            +---------+---------+-------+---------+---------+-------
